Map: Cyber Forest LE

Players

dangree

  • Race: Terran Terran
  • League: Platinum
  • Spawn Location: 5:00

pHARM - Winner!

  • Race: Zerg Zerg
  • League: Platinum
  • Spawn Location: 11:00

VOD

Have the link to the VOD?

Description

Time

  • Played on: July 18, 2019, 12:51 a.m.
  • Length: 10:34
Show
View Real Time Build Order
Export as new Build Order

dangree Terran 

Build Orders:  

Get SALT Encoding   

  12  0:01  SCV  
  13  0:13  SCV  
  14  0:18  Supply Depot  
  14  0:25  SCV  
  15  0:39  SCV  
  15  0:42  Barracks  
  16  0:46  Refinery  
  16  0:51  SCV  
  17  1:01  Barracks  
  17  1:04  SCV  
  17  1:10  Refinery  
  18  1:21  SCV  
  19  1:29  Barracks Reactor  
  19  1:32  Supply Depot  
  19  1:35  SCV  
  20  1:48  Barracks Reactor  
  20  1:51  Orbital Command  
  20  2:14  Reaper x2  
  20  2:26  SCV  
  21  2:42  Reaper  
  22  2:49  Reaper  
  23  2:53  SCV  
  24  3:06  Reaper x2  
  24  3:09  SCV  
  27  3:20  Reaper  
  27  3:21  SCV  
  29  3:31  Command Center  
  29  3:34  SCV  
  30  3:44  Reaper  
  30  3:47  Reaper  
  31  3:50  Reaper  
  31  4:22  Reaper  
  31  4:38  Supply Depot x2  
  31  4:40  Engineering Bay  
  31  4:43  Reaper x3, SCV  
  34  4:59  Reaper  
  34  5:15  Reaper  
  34  5:18  Reaper x2  
  34  5:31  Reaper  
  34  5:32  SCV  
  34  5:34  Orbital Command  
  36  5:37  Command Center  
  36  5:42  Command Center  
  36  5:50  Command Center  
  29  6:17  Reaper x2  
  29  6:18  Reaper x2  
  32  6:20  SCV x2  
  32  6:32  SCV x2  
  33  6:34  Factory  
  33  6:44  SCV x2  
  35  6:49  Reaper  
  35  6:50  Reaper x3  
  33  7:07  Refinery  
  33  7:08  Refinery  
  33  7:09  Orbital Command  
  33  7:10  Orbital Command  
  33  7:14  SCV  
  33  7:15  SCV  
  29  7:21  Reaper  
  29  7:22  Reaper  
  29  7:36  SCV x2  
  29  7:37  SCV x2  
  30  7:39  Orbital Command  
  23  7:51  SCV x3  
  23  7:56  SCV  
  26  8:03  SCV  
  27  8:09  SCV x2  
  27  8:10  SCV x2  
  31  8:16  Factory Tech Lab  
  31  8:21  SCV  
  31  8:22  SCV, Starport x2  
  33  8:33  SCV x3  
  37  8:34  Refinery, SCV x2  
  37  8:35  Refinery  
  38  8:45  SCV x3  
  38  8:46  SCV x2  
  43  8:50  Armory  
  43  8:53  Armory  
  43  8:57  SCV x2  
  43  8:59  Orbital Command  
  45  9:10  Orbital Command  
  45  9:15  SCV x2  
  47  9:26  SCV  
  47  9:27  SCV x2  
  47  9:28  Orbital Command  
  47  9:29  Refinery  
  50  9:31  Refinery x2  
  50  9:33  Fusion Core  
  50  9:34  Refinery  
  50  9:36  Starport Tech Lab x2  
  50  9:38  Refinery, SCV  
  50  9:39  Starport  
  50  9:42  Refinery  
  50  9:45  SCV x3  
  44  10:25  Supply Depot  
  44  10:26  Supply Depot  
Show
View Real Time Build Order
Export as new Build Order

pHARM Zerg - Winner!

Build Orders: Pool First 

Get SALT Encoding   

  12  0:21  Spawning Pool  
  12  0:26  Drone x2  
  13  0:35  Overlord  
  13  1:08  Zergling x6  
  13  1:11  Queen  
  18  1:19  Zergling x2  
  19  1:35  Drone  
  20  1:40  Hatchery  
  20  1:46  Drone  
  20  2:05  Drone  
  20  2:06  Drone  
  21  2:22  Drone  
  21  2:23  Drone  
  22  2:33  Overlord x2  
  22  2:48  Extractor  
  20  3:02  Queen  
  21  3:11  Drone x5  
  21  3:12  Queen  
  28  3:41  Queen  
  28  3:43  Drone x6  
  28  3:48  Queen  
  36  3:57  Drone  
  36  3:58  Drone x3  
  36  4:17  Pneumatized Carapace  
  36  4:22  Zergling x8  
  36  4:23  Queen  
  40  4:33  Metabolic Boost  
  40  4:41  Drone x4  
  40  4:59  Queen x2  
  38  5:17  Zergling x12  
  42  5:35  Queen  
  44  5:44  Overlord x2  
  42  5:58  Zergling x4  
  42  6:02  Queen  
  43  6:14  Zergling x2  
  43  6:15  Zergling x14  
  49  6:30  Drone x4  
  53  6:40  Lair  
  53  6:43  Extractor  
  52  6:51  Hatchery  
  48  7:09  Drone x8  
  48  7:10  Drone x2  
  52  7:58  Nydus Network  
  51  8:09  Zergling x20  
  61  8:13  Queen x2  
  61  8:15  Overlord x4  
  61  8:18  Queen, Extractor  
  61  8:19  Extractor  
  65  8:23  Spire, Baneling Nest  
  64  8:31  Overlord x2  
  64  8:32  Drone  
  64  8:33  Drone  
  66  8:35  Extractor x2  
  64  8:45  Drone x3, Zergling x4  
  64  8:46  Zergling x2  
  70  9:01  Drone, Zergling x2  
  70  9:02  Overlord x2, Drone x3, Zergling x4  
  77  9:11  Baneling x2  
  77  9:12  Baneling x8  
  77  9:40  Mutalisk  
  77  9:41  Mutalisk x8  
  77  9:44  Mutalisk  
  97  9:48  Zergling x2  
  97  9:49  Zergling x12  
  104  10:12  Overlord x2  
Tags
 
Matchup
TvZ
Opening
Pool First
Replay Pack
10.7.19
Spawn Locations
Cross Positions
Add a new tag
Caveats
  • Supply blocks, unpowered buildings, or Contaminate may cause inaccurate times.
  • Supply counts are checked every 10 seconds.